 Dungeon Crawl Stone Soup version 0.31-a0-672-g7da72447bb (webtiles) character file.

Game seed: 166259062143490594

1546750 holysushi the Sabretooth (level 26, 155/216 HPs)
             Began as a Felid Berserker on Sept 4, 2023.
             Was the Champion of Trog.
             Escaped with the Orb
             ... and 3 runes!
             The game lasted 02:15:49 (82782 turns).

holysushi the Sabretooth (Felid Berserker)         Turns: 82782, Time: 02:15:50

Health: 155/216    AC: 14    Str: 27    XL:     26   Next: 66%
Magic:  21/21      EV: 39    Int:  7    God:    Trog [******]
Gold:   4702       SH:  0    Dex: 30    Spells: 25/25 levels left
                                        Lives:  1   Deaths: 7

rFire   + +          .
                       - Unarmed
rCold   x . .        (shield unavailable)
rNeg    + + +        (body armour unavailable)
rPois   +            (helmet unavailable)
rElec   .            (cloak unavailable)
rCorr   .            (gloves unavailable)
SInv    +            (boots unavailable)
Will    +++++        X - necklace of Bloodlust {Fury *Rage Will++ Int-3 Slay+6}
Stlth   +++          D - +6 ring of dexterity
HPRegen 0.56/turn    c - ring "Heytanaule" {rN+++ EV+5}
MPRegen 0.17/turn

%: random rage (50%)
@: dragon-form, on berserk cooldown, flying
A: dragon claw, dragon scales, breathe fire, flying, boosted hp, giant, (claws
1), (fangs 3), see invisible, (speed 1), (shaggy fur 3), (stealthy paws), no
weapons or thrown items, no armour, multi-lived, (fire resistance 1), low MP 1,
mutation resistance 1, strong 1, no potion heal 1, (cold vulnerability 1)
0: Orb of Zot
}: 3/15 runes: barnacled, silver, gossamer
a: Breathe Fire, Begin Untransformation, Renounce Religion, Berserk, Trog's
Hand, Brothers in Arms


You escaped.
You worshipped Trog.
Trog was exalted by your worship.
You were a fearsome dragon!
You visited 10 branches of the dungeon, and saw 48 of its levels.
You visited 1 bazaar.
You also visited: Bailey and Ice Cave.

You collected 7499 gold pieces.
You spent 2797 gold pieces at shops.

Inventory:

Jewellery
 c - the ring "Heytanaule" (right foreclaw) {rN+++ EV+5}
   (You bought it in a shop in a bazaar)

   [ring of evasion]

   EV+5:      It affects your evasion (+5).
   rN+++:     It renders you almost immune to negative energy.
 g - the ring "Imeluaz" {rPois rF+ SInv Stlth-}
   (You took it off a deep elf zephyrmancer on level 3 of the Elven Halls)

   [ring of see invisible]

   rF+:       It protects you from fire.
   rPois:     It protects you from poison SInv: It lets you see invisible.
   Stlth-:    It makes you less stealthy.
 i - a ring of flight
 D - a +6 ring of dexterity (left foreclaw)
 K - a +6 ring of dexterity
 N - a ring of resist corrosion
 X - the necklace of Bloodlust (around neck) {Fury *Rage Will++ Int-3 Slay+6}
   (You took it off a deep elf sorcerer on level 3 of the Elven Halls)

   [amulet of nothing]

   Fury:      It extends the wearer's berserk rage when killing foes.
   Int-3:     It affects your intelligence (-3).
   Slay+6:    It affects your accuracy & damage with ranged weapons and melee
   (+6).
   Will++:    It greatly increases your willpower.
   *Rage:     It berserks you when you make melee attacks (+50% chance).
Talismans
 x - a serpent talisman
 J - a blade talisman
 P - a maw talisman
 T - a granite talisman
 W - a talisman of death
 Y - a dragon-blood talisman (active)
Wands
 b - a wand of roots (39)
 q - a wand of digging (20)
 s - a wand of flame (127)
 y - a wand of mindburst (22)
 F - a wand of polymorph (45)
 I - a wand of light (28)
 R - a wand of charming (34)
Scrolls
 f - 12 scrolls of immolation
 j - 11 scrolls of fog
 k - 9 scrolls of noise
 m - 15 scrolls of vulnerability
 n - 17 scrolls of teleportation
 u - 35 scrolls of identify
 E - 6 scrolls of poison
 G - 4 scrolls of torment
 H - a scroll of blinking
 L - 3 scrolls of silence
 M - 9 scrolls of fear
 S - 5 scrolls of revelation
 U - 6 scrolls of butterflies
 Z - 2 scrolls of acquirement
Potions
 a - 7 potions of mutation
 d - 3 potions of invisibility
 e - 5 potions of magic
 h - 5 potions of resistance
 l - 10 potions of enlightenment
 p - 9 potions of might
 r - 11 potions of curing
 t - 7 potions of brilliance
 v - 7 potions of attraction
 w - 5 potions of berserk rage
 z - 11 potions of heal wounds
 A - 12 potions of ambrosia
 B - 4 potions of cancellation
 C - 14 potions of lignification
 Q - 2 potions of haste
Miscellaneous
 o - a tin of tremorstones (2/2)
 O - a phial of floods
 V - a box of beasts


   Skills:
 + Level 26.6 Fighting
 O Level 27 Dodging
 - Level 20.0 Stealth
 O Level 27 Unarmed Combat
 - Level 10.0 Evocations
 - Level 20.0 Shapeshifting


You had 25 spell levels left.
You didn't know any spells.
Your spell library was empty.

Dungeon Overview and Level Annotations

Branches:
Dungeon (15/15)            Temple (1/1) D:5            Lair (5/5) D:9
 Shoals (4/4) Lair:3       Spider (4/4) Lair:2        Slime (0/5) Lair:4
    Orc (2/2) D:9             Elf (3/3) Orc:2        Vaults (5/5) D:13
  Crypt (0/3) Vaults:2     Depths (4/4) D:15            Zot (5/5) Depths:4
 Bailey (visited)           IceCv (visited)

Altars:
Ashenzari
Cheibriados
Dithmenos
Elyvilon
Fedhas
Gozag
Hepliaklqana
Kikubaaqudgha
Makhleb
Nemelex Xobeh
Okawaru
Qazlal
Ru
Sif Muna
Trog
Uskayaw
Vehumet
Wu Jian
Xom
Yredelemnul
Zin
The Shining One
Jiyva
Lugonu

Shops:
D:10 *   D:15 [   Orc:2 ?*[=   Elf:1 [   Shoals:3 !   Vaults:2 (   Vaults:4 (
Depths:3 [=*[   Depths:4 :

Portals:
Hell: Depths:1 Depths:2 Depths:3 Depths:4
Abyss: D:6 D:13 Lair:5 Depths:3
Pandemonium: Orc:2 Depths:2
Ziggurat: Depths:3

Annotations:
D:2 Sigmund
D:4 2 runed translucent doors
D:9 exclusion: 3 doors
D:13 2 runed translucent doors
Lair:3 exclusion: downstairs
Lair:5 1 runed translucent door, Ygeuher's ghost, journeyman DsFi
Spider:4 exclusion: 3 doors
Orc:2 2 transporters, Xavori's ghost, journeyman OpCK
Zot:4 4 transporters


Innate Abilities, Weirdness & Mutations

You are a fearsome dragon!
You have a powerful clawing attack.
Your giant scaled body is strong and resilient, but less evasive.
You can breathe fire.
You are flying.
Your maximum health is greatly increased.
((You have sharp claws.))
((You have razor-sharp teeth.))
You have supernaturally acute eyesight. (SInv)
((You cover ground quickly. (Speed+)))
((Your thick and shaggy fur keeps you warm. (AC +3, rC+)))
((Your paws help you pounce on unaware monsters.))
You are incapable of wielding weapons or throwing items.
You cannot wear armour.
You gain extra lives every three experience levels.
((Your flesh is heat resistant. (rF+)))
Your magical capacity is low. (-10% MP)
You are somewhat resistant to further mutation.
Your muscles are strong. (Str +4, Int/Dex -1)
Potions are less effective at restoring your health.
((You are vulnerable to cold. (rC-)))


Message History

You see here a +0 flail.
There is a stone staircase leading down, spattered with blood here.
You see here an adder skeleton.
You recover from your berserk rage.
There is an escape hatch in the ceiling here.
A mysterious force pulls you upwards. The hatch slams shut behind you.
An Orb Guardian comes into view.
A red film seems to cover your vision as you go berserk!
You feel yourself moving faster!
You feel mighty!
You maul the Orb Guardian!!!
You tail-slap the Orb Guardian! You claw the Orb Guardian.
The necklace of Bloodlust glows a violent red.
You kill the Orb Guardian!
Trog accepts your kill.
You feel a strong urge to attack something.
You feel the effects of Trog's Hand fading.
You feel your anger nearly subside.
You are no longer berserk.
You are exhausted.
You feel yourself slow down.
Your skin stops crawling.
You feel less strong-willed.
You see here a +0 dagger.
An Ice Fiend comes into view.
The Ice Fiend completely misses you. The Ice Fiend claws you.
The Ice Fiend freezes you!!!
You feel a terrible chill!
You maul the Ice Fiend!!!
You tail-slap the Ice Fiend.
The Ice Fiend is severely wounded.
You maul the Ice Fiend!!!!
You kill the Ice Fiend!
Trog accepts your kill.
A glowing orange brain comes into view.
The glowing orange brain pulsates.
Something tries to feed on your intellect!
You see here 8 stones.
The glowing orange brain pulsates.
The glowing orange brain radiates an aura of fear!
You resist with almost no effort.
The glowing orange brain pulsates ominously.
There is a staircase leading out of the dungeon here.
You feel yourself speed up.
You have escaped!

#≈~~..###...........###
#≈~~~...............# #
#≈~~~...............# ##
#≈~...........8...######.
#≈~~..............#......
#≈≈~.~.....8.....########
#≈~~.~......8....#
#≈~~~~~..8..(....#
#≈≈~.~.~DG......##
#≈≈~~..~~.......#
#≈≈≈~~...~......##
#≈≈≈≈~≈.~.~......#
#≈≈≈≈≈≈≈...~.~~..#
#≈≈≈≈≈≈~≈~.~~~~~≈#
≈≈≈≈≈≈≈≈~≈~≈≈~~≈#
≈≈≈≈≈≈≈≈≈≈≈≈≈≈≈≈#
##################


You could see a glowing orange brain.

Vanquished Creatures
  5 ancient liches
  Tiamat (Zot:2)
  7 dread liches
  5 orbs of fire
  Mara (Spider:4)
  Josephina (Depths:3)
  Bai Suzhen (Depths:2)
  2 Killer Klowns (Zot:5)
  Frederick (Vaults:5)
  Saint Roka (Depths:1)
  Vv (Depths:3)
  3 curse toes
  6 caustic shrikes (Depths:4)
  Nikola (Depths:1)
  11 golden dragons
  5 electric golems
  3 hellephants (Depths:3)
  Arachne (Spider:4)
  A Brimstone Fiend (Depths:3)
  2 pandemonium lords
  An Ice Fiend (D:1)
  A Hell Sentinel (D:4)
  A walking earthen tome (Depths:4)
  32 Orb Guardians
  4 titans (Vaults:5)
  3 deep elf master archers (Elf:3)
  27 tentacled monstrosities
  6 quicksilver dragons
  2 deep elf blademasters
  10 sphinxes
  4 liches
  Polyphemus (Shoals:2)
  A kraken (Shoals:2)
  6 death cobs
  An Executioner (Zot:2)
  10 shadow dragons
  6 tengu reavers
  Ilsuiw (Shoals:2)
  13 storm dragons
  Donald (Spider:4)
  A demonspawn warmonger (D:4)
  9 draconian monks
  7 draconian knights
  A daeva (Depths:3)
  5 fire giants
  5 emperor scorpions
  7 deep elf sorcerers
  9 ghost moths
  10 frost giants
  2 iron dragons
  8 draconian scorchers
  15 vault wardens
  2 balrugs
  4 deep elf elementalists (Elf:3)
  23 ironbound preservers
  7 draconian shifters
  3 orc warlords
  7 draconian stormcallers
  A caustic shrike zombie (Depths:2)
  5 draconian annihilators
  A spriggan defender (Depths:3)
  2 war gargoyles
  2 broodmothers
  7 stone giants
  3 formless jellyfish
  5 ironbound thunderhulks
  20 green draconians
  32 very ugly things
  3 deep elf demonologists (Elf:3)
  16 black draconians
  7 vampire knights
  16 white draconians
  8 spark wasps
  A lorocyproca (D:4)
  3 minotaurs (Shoals:4)
  12 red draconians
  8 purple draconians
  3 demonspawn black suns
  7 dire elephants
  6 yellow draconians
  12 deep elf annihilators
  12 ettins
  3 deep elf death magi (Elf:3)
  An eidolon (Vaults:2)
  A crystal guardian (Vaults:2)
  2 green deaths
  2 entropy weavers
  6 deep elf high priests
  2 merfolk javelineers
  A jiangshi (Vaults:2)
  3 merfolk impalers
  A great orb of eyes (shapeshifter) (Vaults:5)
  8 fire dragons
  6 great orbs of eyes
  20 yaktaur captains
  6 ice dragons
  2 spriggan air magi
  29 vault guards
  2 catoblepae
  A hell beast (D:4)
  7 jorogumos
  3 ogre magi (Vaults:5)
  3 peacekeepers
  10 hydras
  A juggernaut simulacrum (Depths:3)
  2 spriggan skeletons
  2 demonspawn (Orc:2)
  18 centaur warriors
  4 ironbound frosthearts (Vaults:2)
  10 boulder beetles
  A merfolk avatar (Shoals:3)
  2 merfolk aquamancers
  2 radroaches (Spider:4)
  4 two-headed ogres
  15 death yaks
  6 hell hogs (Depths:3)
  11 satyrs
  5 orc high priests (Orc:2)
  A tengu warrior (Depths:4)
  36 dancing weapons
  8 demonic crawlers
  12 deep troll shamans
  3 thrashing horrors (Lair:5)
  7 deep troll earth magi
  A shock serpent (shapeshifter) (Vaults:5)
  A spriggan berserker (Depths:4)
  14 deep elf knights
  A storm dragon zombie (D:15)
  2 soul eaters (Orc:2)
  Sonja (D:12)
  13 hell knights
  3 pharaoh ants
  2 sun demons (D:4)
  A fire crab (Lair:5)
  3 sun moths
  4 skysharks
  A sixfirhy (D:4)
  4 flayed ghosts
  2 cherubim (Elf:3)
  2 golden dragon zombies (Depths:3)
  10 sea snakes
  4 glowing orange brains
  9 iron trolls
  5 orb spiders
  A swamp dragon (shapeshifter) (Vaults:5)
  A storm dragon skeleton (Depths:3)
  A tengu zombie (Depths:2)
  64 deep trolls
  The ghost of olddryhag the Sneak, a novice OpHW of Gozag (D:6)
  An obsidian statue (Zot:5)
  7 phantasmal warriors
  12 orc knights
  Pikel (D:5)
  9 ironbound convokers
  6 necromancers
  8 wizards
  11 lindwurms
  A wolf spider (shapeshifter) (Depths:4)
  7 harpies
  34 deep elf pyromancers
  6 deep elf archers
  42 ugly things
  21 fauns
  16 orc sorcerers
  A sphinx simulacrum (D:15)
  22 deep elf zephyrmancers
  7 steelbarb worms
  15 manticores
  A wolf spider zombie (D:15)
  11 cyclopes
  A moth of wrath (shapeshifter) (Vaults:5)
  20 wolf spiders
  A manticore (shapeshifter) (Depths:4)
  24 moths of wrath
  3 large abominations
  4 elephants
  An ice statue (IceCv)
  A centaur zombie (D:15)
  9 merfolk sirens
  13 vault sentinels
  3 water nymphs
  Maurice (D:12)
  2 smoke demons (Lair:5)
  4 black mambas
  2 rust devils
  5 torpor snails
  An orange demon (D:15)
  15 cane toads
  A centaur skeleton (D:15)
  5 gargoyles (D:10)
  A rime drake (IceCv)
  2 kobold demonologists
  42 yaktaurs
  An efreet (D:15)
  A yaktaur (shapeshifter) (Lair:5)
  2 freezing wraiths
  An unseen horror (D:5)
  2 tormentors
  2 tengu conjurers (Depths:1)
  5 komodo dragons
  A harpy zombie (D:15)
  A red devil (Zot:2)
  19 polar bears
  A hellwing (Orc:2)
  4 meliai (Spider:4)
  6 trolls
  25 merfolk
  7 wind drakes
  Grinder (D:5)
  2 hornets
  A wolf spider simulacrum (D:14)
  A raiju (Lair:5)
  17 blink frogs
  31 tarantellas
  A shadow dragon simulacrum (Depths:3)
  13 dream sheep
  6 snapping turtles
  A centaur simulacrum (D:12)
  2 human simulacra (Vaults:3)
  2 vampires
  8 air elementals
  30 jumping spiders
  21 culicivoras
  22 slime creatures
  14 water elementals
  2 shadows
  A yak (shapeshifter) (Vaults:5)
  An elf simulacrum (Vaults:3)
  2 spriggans
  2 ynoxinuls (Lair:5)
  5 wyverns
  4 basilisks
  9 humans (D:13)
  77 yaks
  8 fire elementals
  5 steam dragons
  2 chaos spawn (Lair:5)
  2 death yak simulacra (D:13)
  39 redbacks
  8 vampire mosquitoes
  2 acid dragons
  5 wargs
  Menkaure (D:7)
  20 water moccasins
  2 floating eyes
  A sky beast (D:8)
  A glowing shapeshifter skeleton (Depths:3)
  A hornet zombie (D:7)
  6 black bears
  44 orc warriors
  The ghost of perezv8180 the Trooper, an amateur DrVM (D:4)
  4 ice beasts
  31 wolves
  3 boggarts (D:15)
  7 ogres
  4 lemures
  15 centaurs
  2 phantoms
  10 small abominations
  4 kobold brigands
  12 bullfrogs
  A cane toad simulacrum (D:13)
  A two-headed ogre simulacrum (D:13)
  10 earth elementals
  3 gnoll sergeants
  2 scorpions
  A hornet simulacrum (D:15)
  12 wights
  2 elephant simulacra (D:13)
  18 killer bees
  A vampire bat (Orc:2)
  8 howler monkeys
  2 electric eels (Spider:3)
  A crimson imp (D:6)
  4 jellies
  32 orc priests
  A gnoll bouda (D:8)
  4 hounds
  2 human skeletons (D:4)
  3 iguanas
  Natasha (thrice) (D:4)
  22 orc wizards
  4 hell rats (Lair:2)
  A troll simulacrum (D:13)
  A spriggan simulacrum (D:13)
  2 killer bee zombies (D:7)
  A howler monkey zombie (D:7)
  14 gnolls
  A river rat (D:4)
  13 adders
  2 shadow imps
  An ufetubus (D:7)
  A worm (D:4)
  A dart slug (D:3)
  91 orcs
  8 bats
  14 endoplasms
  3 giant cockroaches
  6 goblins (D:1)
  15 hobgoblins
  3 jackals (D:1)
  26 kobolds
  3 quokkas
  10 ball pythons
  2 frilled lizards (D:1)
  4 rats
  4 tentacles (Shoals:2)
2285 creatures vanquished.

Vanquished Creatures (collateral kills)
  A merfolk (Shoals:2)
1 creature vanquished.

Vanquished Creatures (others)
  A draconian annihilator (Zot:4)
  An ironbound preserver (Vaults:5)
  A deep elf knight (Elf:1)
  A faun (Shoals:4)
  A yaktaur (Vaults:5)
  A spark wasp simulacrum (Depths:3)
  A tarantella (Spider:2)
  A fire giant simulacrum (Depths:3)
  A culicivora (Spider:2)
  A human (IceCv)
  An orc wizard (Vaults:5)
  An orc (D:8)
  16 tentacles (Shoals:2)
28 creatures vanquished.

Grand Total: 2314 creatures vanquished

Notes
Turn   | Place    | Note
-------+----------+-------------------------------------------
     0 | D:1      | holysushi the Felid Berserker began the quest for the Orb.
     0 | D:1      | Reached XP level 1. HP: 10/10 MP: 2/2
   112 | D:1      | Reached XP level 2. HP: 10/14 MP: 3/3
   456 | D:1      | Reached skill level 1 in Stealth
   545 | D:1      | Reached XP level 3. HP: 7/17 MP: 4/4
   750 | D:1      | Reached ** piety under Trog
   823 | D:2      | Noticed Sigmund
  1703 | D:2      | Reached XP level 4. HP: 11/21 MP: 5/5
  1894 | D:3      | Identified the +6 whip of the Pariah {holy, Str+5}
  2261 | D:2      | Reached skill level 5 in Dodging
  2483 | D:3      | Reached XP level 5. HP: 20/24 MP: 6/6
  2964 | D:4      | Found a runed translucent door.
  2964 | D:4      | Noticed a human
  2968 | D:4      | Found a basalt altar of Yredelemnul.
  2980 | D:4      | Reached skill level 5 in Unarmed Combat
  3111 | D:4      | Found a runed translucent door.
  3127 | D:4      | Noticed perezv8180's ghost (amateur DrVM)
  3144 | D:4      | Noticed Natasha
  3152 | D:4      | Killed Natasha
  3198 | D:4      | Noticed Natasha
  3211 | D:4      | Killed Natasha
  3212 | D:4      | Gained mutation: You are covered in thick fur. (AC +2)
                  | [Felid growth]
  3212 | D:4      | Reached XP level 6. HP: 28/28 MP: 7/7
  3419 | D:4      | HP: 1/42 [orc priest/divine providence (9)]
  3648 | D:4      | Found a runed translucent door.
  4080 | D:4      | Reached *** piety under Trog
  4100 | D:4      | Noticed Natasha
  4108 | D:4      | Killed Natasha
  4474 | D:4      | Reached XP level 7. HP: 26/31 MP: 8/8
  4721 | D:5      | Entered Level 5 of the Dungeon
  4721 | D:5      | Found a staircase to the Ecumenical Temple.
  4728 | Temple   | Entered the Ecumenical Temple
  4882 | D:4      | Reached skill level 1 in Evocations
  4934 | D:5      | Noticed Pikel
  5263 | D:5      | Found a shimmering altar of Xom.
  5265 | D:5      | Slain by Pikel
  5350 | D:5      | Reached skill level 5 in Stealth
  5551 | D:5      | Noticed Grinder
  5640 | D:5      | Killed Grinder
  5641 | D:5      | Reached XP level 8. HP: 34/34 MP: 9/9
  5918 | D:5      | Found a hazy altar of Hepliaklqana.
  5951 | D:5      | HP: 1/51 [Pikel/+0 whip of electrocution (9)]
  5952 | D:5      | Killed Pikel
  5958 | D:5      | Gained mutation: You are partially covered in large bone
                  | plates. (SH +4) [potion of mutation]
  5958 | D:5      | Gained mutation: Your muscles are strong. (Str +4, Int/Dex
                  | -1) [potion of mutation]
  5958 | D:5      | Gained mutation: You are frail. (-10% HP) [potion of
                  | mutation]
  5958 | D:5      | Gained mutation: Your flesh is heat resistant. (rF+)
                  | [potion of mutation]
  5959 | D:5      | HP: 1/30 [ice beast (2)]
  5959 | D:5      | Slain by an ice beast
  6009 | D:5      | Found a sacrificial altar of Ru.
  6041 | D:5      | Found a burning altar of Makhleb.
  6479 | D:6      | Noticed a purple ugly thing
  6480 | D:6      | Found a transporter.
  6480 | D:6      | Found a transporter.
  6587 | D:6      | Reached XP level 9. HP: 29/33 MP: 10/10
  6990 | D:6      | Noticed a wizard
  6991 | D:6      | Found a one-way gate to the infinite horrors of the Abyss.
  6991 | D:6      | Noticed olddryhag's ghost (novice OpHW)
  7267 | D:6      | Noticed a two-headed ogre
  7285 | D:6      | Reached skill level 10 in Unarmed Combat
  7306 | D:6      | Identified a scroll of acquirement
  7306 | D:6      | Acquired a manual of Shapeshifting
  7555 | D:5      | Lost mutation: You are frail. (-10% HP) [potion of
                  | mutation]
  7555 | D:5      | Lost mutation: You are partially covered in large bone
                  | plates. (SH +4) [potion of mutation]
  7555 | D:5      | Gained mutation: Potions are less effective at restoring
                  | your health. [potion of mutation]
  7555 | D:5      | Gained mutation: You are somewhat resistant to further
                  | mutation. [potion of mutation]
  7687 | D:6      | Noticed a two-headed ogre
  7964 | D:6      | Noticed an unseen horror
  8079 | D:5      | Killed an unseen horror
  8080 | D:5      | Reached skill level 10 in Dodging
  8396 | D:6      | Noticed a kobold demonologist
  8415 | D:6      | Killed a kobold demonologist
  9298 | D:7      | Reached XP level 10. HP: 32/43 MP: 11/11
  9314 | D:7      | Noticed Menkaure
  9327 | D:7      | Killed Menkaure
  9790 | D:7      | Reached **** piety under Trog
 10858 | D:8      | Found a flagged portal.
 10867 | Bailey   | Entered a bailey
 10902 | Bailey   | Found a large runed translucent door.
 10902 | Bailey   | Found a large runed translucent door.
 10902 | Bailey   | Noticed an orc knight
 10903 | Bailey   | Noticed a deep elf zephyrmancer
 11369 | Bailey   | Reached skill level 5 in Fighting
 11570 | Bailey   | Killed a deep elf zephyrmancer
 11584 | Bailey   | Identified the +1 ring mail of Mice {Dex+8}
 11826 | D:8      | Found a radiant altar of Vehumet.
 12523 | D:8      | Noticed a two-headed ogre
 13243 | D:8      | Killed a two-headed ogre
 13244 | D:8      | Reached XP level 11. HP: 47/47 MP: 12/12
 13450 | D:5      | Found a shimmering altar of Xom.
 13450 | D:5      | Found a sacrificial altar of Ru.
 13450 | D:5      | Found a burning altar of Makhleb.
 13450 | D:5      | Found a hazy altar of Hepliaklqana.
 13546 | D:5      | Killed a two-headed ogre
 13667 | D:6      | Killed a two-headed ogre
 14067 | D:8      | Found an ornate altar of the Wu Jian Council.
 14089 | D:8      | Found a blossoming altar of Fedhas.
 14131 | D:9      | Found a staircase to the Lair.
 14141 | D:9      | Reached skill level 5 in Evocations
 14163 | D:8      | HP: 1/47 [wyvern (15)]
 14533 | D:8      | Found a blossoming altar of Fedhas.
 14561 | D:8      | Found an ornate altar of the Wu Jian Council.
 14625 | D:8      | Found a radiant altar of Vehumet.
 15287 | D:9      | Reached skill level 10 in Stealth
 16121 | D:9      | Found a staircase to the Orcish Mines.
 16410 | D:10     | Entered Level 10 of the Dungeon
 16473 | D:9      | Reached ***** piety under Trog
 17481 | D:10     | Found Luymiudgh's Assorted Antiques.
 17490 | D:10     | Bought a runed copper wand for 112 gold pieces
 17490 | D:10     | Bought a scroll of identify for 56 gold pieces
 17490 | D:10     | Bought a scroll of teleportation for 84 gold pieces
 17644 | Lair:1   | Entered Level 1 of the Lair of Beasts
 17647 | Lair:1   | Noticed a catoblepas
 17723 | Lair:1   | Noticed an eight-headed hydra
 17730 | Lair:1   | Killed an eight-headed hydra
 17735 | Lair:1   | Gained mutation: Your thick and shaggy fur keeps you warm.
                  | (AC +3, rC+) [Felid growth]
 17735 | Lair:1   | Reached XP level 12. HP: 51/51 MP: 13/13
 17765 | Lair:1   | Noticed an eight-headed hydra
 18555 | Lair:1   | Reached skill level 15 in Dodging
 19043 | Lair:2   | Found a hole to the Spider Nest.
 19235 | Lair:2   | You fall into a shaft and drop 2 floors!
 19235 | Lair:4   | Noticed a death yak
 19235 | Lair:4   | Noticed a death yak
 19235 | Lair:4   | Noticed a death yak
 19235 | Lair:4   | Noticed a death yak
 19273 | Lair:4   | Killed a death yak
 19278 | Lair:4   | Killed a death yak
 19280 | Lair:4   | Killed a death yak
 19282 | Lair:4   | Killed a death yak
 19732 | Lair:3   | Found a staircase to the Shoals.
 19969 | Lair:2   | Reached XP level 13. HP: 54/54 MP: 14/14
 21024 | Lair:2   | Found a hole to the Spider Nest.
 21810 | Lair:3   | Identified the ring "Niycrewu" {rPois Str+2 Int+6}
 21868 | Lair:3   | Reached skill level 5 in Shapeshifting
 21973 | Lair:3   | Reached ****** piety under Trog
 23180 | Lair:4   | Found a glowing silver altar of Zin.
 23190 | Lair:4   | Reached skill level 10 in Shapeshifting
 23391 | Lair:4   | Found a staircase to the Slime Pits.
 23393 | Lair:4   | Found a viscous altar of Jiyva.
 23665 | Lair:5   | Entered Level 5 of the Lair of Beasts
 24084 | Lair:5   | Found a runed translucent door.
 24084 | Lair:5   | Found a shimmering altar of Xom.
 24084 | Lair:5   | Noticed Ygeuher's ghost (journeyman DsFi)
 24501 | Lair:5   | Reached skill level 15 in Stealth
 24772 | Lair:5   | Reached XP level 14. HP: 58/58 MP: 15/15
 25584 | Lair:5   | Found a corrupted altar of Lugonu.
 26638 | Lair:5   | Found a corrupted altar of Lugonu.
 27040 | Lair:5   | Found a runed translucent door.
 27041 | Lair:5   | Found a shimmering altar of Xom.
 28868 | D:12     | Noticed Sonja
 28870 | D:12     | Killed Sonja
 29069 | D:12     | Noticed Maurice
 29073 | D:12     | Killed Maurice
 30348 | D:13     | Found a large runed translucent door.
 30348 | D:13     | Found a large runed translucent door.
 30381 | D:13     | Found a frozen archway.
 30447 | IceCv    | Entered an ice cave
 30849 | IceCv    | Reached XP level 15. HP: 63/63 MP: 16/16
 30927 | IceCv    | Noticed a frost giant
 30951 | IceCv    | Killed a frost giant
 31933 | D:13     | Found a gate to the Vaults.
 32075 | D:13     | Found a corrupted altar of Lugonu.
 32229 | D:13     | Identified the +7 dagger of the Median {distort, Str+6
                  | Dex-2}
 32524 | D:13     | Found a gate to the Vaults.
 33451 | D:6      | Killed olddryhag's ghost
 33709 | D:5      | Found a staircase to the Ecumenical Temple.
 34021 | D:4      | Killed perezv8180's ghost
 34795 | D:14     | Reached skill level 15 in Unarmed Combat
 35034 | D:14     | Found a shadowy altar of Dithmenos.
 35246 | D:15     | Entered Level 15 of the Dungeon
 35392 | D:15     | Found a staircase to the Depths.
 35511 | D:15     | Found a hide-covered altar of Uskayaw.
 36219 | D:15     | Found Ushririlo's Armour Emporium.
 36758 | Orc:1    | Entered Level 1 of the Orcish Mines
 37056 | Orc:2    | Entered Level 2 of the Orcish Mines
 37059 | Orc:2    | Found a staircase to the Elven Halls.
 37130 | Orc:1    | Reached XP level 16. HP: 68/69 MP: 17/17
 37474 | Orc:2    | Found Ecudoiwo's General Store.
 37482 | Orc:2    | Found Geiracou's Magic Scroll Shoppe.
 37677 | Orc:2    | Found a transporter.
 37686 | Orc:2    | Found a bloodstained altar of Trog.
 37692 | Orc:2    | Found a transporter.
 37789 | Orc:2    | Noticed Xavori's ghost (journeyman OpCK)
 37860 | Orc:2    | Found a dark tunnel.
 37893 | Orc:2    | Reached skill level 10 in Evocations
 38406 | Orc:2    | Bought a scroll of revelation for 127 gold pieces
 38406 | Orc:2    | Bought a scroll of revelation for 127 gold pieces
 38408 | Orc:2    | Bought a wand of charming (4) for 134 gold pieces
 38926 | Orc:2    | Found Zeofeyt's Antique Armour Boutique.
 38926 | Orc:2    | Found a one-way gate leading to the halls of Pandemonium.
 38926 | Orc:2    | Found Saowawk's Jewellery Shop.
 38938 | Orc:2    | Bought a granite talisman for 1200 gold pieces
 39502 | Spider:1 | Entered Level 1 of the Spider Nest
 40996 | Spider:2 | Identified the +2 sling of Chance {speed, *Slow rN++}
 41755 | Spider:2 | Identified the +1 pair of gloves "Asekucam" {rF+ Will-
                  | Dex+6 Slay+2}
 44379 | Spider:4 | Entered Level 4 of the Spider Nest
 44417 | Spider:4 | Noticed Donald
 44424 | Spider:4 | Reached XP level 17. HP: 58/72 MP: 10/18
 44442 | Spider:4 | HP: 1/72 [Donald/+0 double sword (24)]
 44945 | Spider:4 | Noticed Mara
 44958 | Spider:4 | Noticed holysushi's illusion
 45210 | Spider:4 | Noticed Arachne
 45281 | Spider:4 | Killed Arachne
 45457 | Spider:4 | Identified the ring of the Mutiny {Dex+2 Slay+2 SInv}
 46252 | Spider:4 | Killed Mara
 46565 | Spider:4 | Killed Donald
 48006 | Spider:4 | Got a gossamer rune of Zot
 48562 | Shoals:1 | Entered Level 1 of the Shoals
 48578 | Shoals:1 | Reached skill level 15 in Shapeshifting
 49261 | Shoals:2 | Noticed Ilsuiw
 49473 | Shoals:2 | Noticed a kraken
 49517 | Shoals:2 | Killed a kraken
 49596 | Shoals:2 | Noticed Polyphemus
 49615 | Shoals:2 | Killed Polyphemus
 49616 | Shoals:2 | Reached XP level 18. HP: 79/79 MP: 19/19
 49927 | Shoals:2 | Killed Ilsuiw
 50365 | Shoals:3 | Reached skill level 10 in Fighting
 50429 | Shoals:3 | Found Ceom's Distillery.
 50437 | Shoals:3 | Bought a potion of heal wounds for 55 gold pieces
 50437 | Shoals:3 | Bought a potion of cancellation for 88 gold pieces
 50437 | Shoals:3 | Bought a potion of resistance for 110 gold pieces
 50927 | Shoals:4 | Entered Level 4 of the Shoals
 51083 | Shoals:4 | Identified the +1 short sword of Idouroos {heavy, rCorr}
 51575 | Shoals:4 | Got a barnacled rune of Zot
 51869 | Shoals:4 | Identified the staff "Zaren" {rC- Int-2 Dex+6 Stlth+ Earth}
 52118 | Elf:1    | Entered Level 1 of the Elven Halls
 52747 | Elf:1    | Found the +18 shield of the Gong {Loud rN+ Will+ rCorr
                  | EV-5}
 52928 | Elf:1    | Found Rutosch's Antique Armour Emporium.
 53211 | Elf:2    | Found a runed translucent gate.
 53211 | Elf:2    | Found a runed translucent gate.
 53211 | Elf:2    | Found a runed translucent gate.
 53341 | Elf:2    | Reached XP level 19. HP: 84/84 MP: 20/20
 54514 | Elf:3    | Entered Level 3 of the Elven Halls
 54564 | Elf:3    | Found a flickering gateway to a bazaar.
 54581 | Bazaar   | Entered a bazaar
 54583 | Bazaar   | Found Kareqih's Jewellery Boutique.
 54587 | Bazaar   | Found Ickam's Antique Armour Boutique.
 54587 | Bazaar   | Found Wugeidd's Jewellery Boutique.
 54588 | Bazaar   | Found Hecaedam's Weapon Boutique.
 54603 | Bazaar   | Bought the ring "Heytanaule" {rN+++ EV+5} for 704 gold
                  | pieces
 55275 | Elf:3    | Gained mutation: Your magical capacity is low. (-10% MP) [a
                  | cacodemon]
 55407 | Elf:3    | Identified the +1 robe "Hoculaes" {rC+ Str+2}
 55407 | Elf:3    | Identified the ring "Imeluaz" {rPois rF+ SInv Stlth-}
 55872 | Elf:3    | Identified the +2 sling of Bebibugg {flame, Str+5 SInv}
 55881 | Elf:3    | Identified the +1 short sword "Votza" {venom, Fragile
                  | Will+++ rCorr Dex-2}
 55898 | Elf:3    | Identified the +5 scale mail "Lazi" {+Blink rCorr}
 57205 | Vaults:1 | Entered Level 1 of the Vaults
 57218 | Vaults:1 | Reached XP level 20. HP: 88/88 MP: 19/19
 57800 | Vaults:1 | Identified the +7 flail of Ruigh {venom, rN+ Will+}
 58755 | Vaults:2 | Found a staircase to the Crypt.
 59741 | Vaults:2 | Found Lonuniad's Weapon Emporium.
 60988 | Vaults:3 | Reached XP level 21. HP: 91/91 MP: 19/19
 62380 | Vaults:4 | Found Noamuu's Antique Weapon Shoppe.
 63242 | Vaults:5 | Entered Level 5 of the Vaults
 63249 | Vaults:5 | Noticed a golden dragon
 63297 | Vaults:5 | Slain by a phantasmal warrior
 63316 | Vaults:5 | Noticed Frederick
 63325 | Vaults:5 | Reached skill level 27 in Unarmed Combat
 63337 | Vaults:5 | Killed Frederick
 63353 | Vaults:5 | Killed a golden dragon
 63376 | Vaults:5 | Noticed an ancient lich
 63383 | Vaults:5 | Killed an ancient lich
 63392 | Vaults:5 | Reached XP level 22. HP: 97/97 MP: 20/20
 63456 | Vaults:5 | Identified the +4 scale mail "Pocledeu" {Int+6}
 63663 | Vaults:5 | Found the +8 trishula "Condemnation" {holy, anguish, *Noise
                  | Fly rN+}
 63764 | Vaults:5 | Identified the +1 halberd of Outrage {speed, rElec Dex+2}
 63938 | Vaults:5 | Got a silver rune of Zot
 64205 | Vaults:5 | Noticed an ancient lich
 64216 | Vaults:5 | Killed an ancient lich
 64487 | Vaults:5 | Identified the +7 flail "Killer Bee's Foe" {flame, rF+ rN+}
 65149 | Depths:1 | Entered Level 1 of the Depths
 65169 | Depths:1 | Noticed Saint Roka
 65190 | Depths:1 | Killed Saint Roka
 65315 | Depths:1 | Found a glowing silver altar of Zin.
 65464 | Depths:1 | Noticed Nikola
 65473 | Depths:1 | Killed Nikola
 65931 | Depths:1 | Identified the +0 leather armour of Valiance {-Tele rF+++
                  | rC- Regen+}
 65945 | Depths:1 | Found a gateway to Hell.
 66132 | Depths:1 | Found a shimmering blue altar of Sif Muna.
 66586 | Depths:2 | Noticed Bai Suzhen
 66587 | Depths:2 | Killed Bai Suzhen
 67075 | Depths:3 | Reached XP level 23. HP: 106/106 MP: 21/21
 67104 | Depths:3 | Found a sacrificial altar of Ru.
 67396 | Depths:3 | Found a one-way gateway to a ziggurat.
 67588 | Depths:3 | You fall into a shaft and drop 1 floor!
 67588 | Depths:4 | Entered Level 4 of the Depths
 67590 | Depths:4 | Noticed a caustic shrike
 67600 | Depths:4 | Killed a caustic shrike
 67602 | Depths:4 | Noticed a caustic shrike
 67602 | Depths:4 | Noticed a caustic shrike
 67612 | Depths:4 | Killed a caustic shrike
 67616 | Depths:4 | Killed a caustic shrike
 68062 | Depths:4 | Reached skill level 27 in Dodging
 68147 | Depths:4 | Found Puoxtin's Book Shop.
 68239 | Depths:4 | Found a gate to the Realm of Zot.
 68260 | Depths:4 | Noticed a caustic shrike
 68260 | Depths:4 | Noticed a caustic shrike
 68260 | Depths:4 | Noticed a caustic shrike
 68265 | Depths:4 | Killed a caustic shrike
 68266 | Depths:4 | Reached skill level 15 in Fighting
 68269 | Depths:4 | Killed a caustic shrike
 68270 | Depths:4 | Killed a caustic shrike
 69350 | Depths:3 | Identified the ring "Fistaor" {Ice rElec rPois Str-4 SInv}
 69350 | Depths:3 | Noticed Josephina
 69353 | Depths:3 | Noticed Vv
 69361 | Depths:3 | Killed Josephina
 69366 | Depths:3 | Annihilated by Vv
 69408 | Depths:3 | Killed Vv
 69460 | Depths:3 | Found Fofap's Antique Armour Shop.
 69463 | Depths:3 | Found Kouxzael's General Store.
 69467 | Depths:3 | Found Eruilif's Jewellery Emporium.
 69496 | Depths:3 | Found Geuthr Raepp's Antique Armour Shop.
 70369 | Zot:1    | Entered Level 1 of the Realm of Zot
 70496 | Zot:1    | Reached XP level 24. HP: 112/112 MP: 21/21
 72705 | Zot:2    | Killed from afar by a white draconian stormcaller
 72873 | Zot:2    | Found the +4 dragonskin cloak
 72873 | Zot:2    | Noticed Tiamat
 72885 | Zot:2    | Killed Tiamat
 74278 | Zot:3    | Noticed an orb of fire
 74340 | Zot:3    | Killed an orb of fire
 75003 | Zot:3    | Reached XP level 25. HP: 126/126 MP: 21/21
 75064 | Zot:3    | HP: 6/190 [purple draconian/bolt of dispelling energy (28)]
 75065 | Zot:3    | Killed from afar by a white draconian stormcaller
 75126 | Zot:3    | HP: 4/190 [white draconian stormcaller/divine providence[a
                  | white draconian stormcaller] (12)]
 75132 | Zot:3    | HP: 5/190 [yellow draconian/glob of acid[a white draconian
                  | stormcaller] (14)]
 75924 | Zot:3    | Noticed an orb of fire
 75939 | Zot:3    | Killed an orb of fire
 75982 | Zot:3    | Identified the +4 short sword "Ziqipru" {flame, rC+ Str+2}
 77265 | Zot:4    | Found a transporter.
 77271 | Zot:4    | Found a transporter.
 77294 | Zot:4    | Found a transporter.
 78093 | Zot:4    | Found a transporter.
 78229 | Zot:4    | Noticed a dread lich
 78229 | Zot:4    | Noticed a dread lich
 78230 | Zot:4    | Noticed a dread lich
 78231 | Zot:4    | Identified the +2 scimitar of Boipp {flame, *Slow Fly rN++
                  | Stlth+}
 78239 | Zot:4    | Killed a dread lich
 78239 | Zot:4    | Noticed a dread lich
 78242 | Zot:4    | Killed a dread lich
 78247 | Zot:4    | Noticed a dread lich
 78258 | Zot:4    | Killed a dread lich
 78264 | Zot:4    | Killed a dread lich
 78268 | Zot:4    | Killed a dread lich
 78595 | Zot:4    | Identified the +0 scale mail of the Garden {rElec Str+3}
 79093 | Zot:5    | Entered Level 5 of the Realm of Zot
 80090 | Zot:5    | Noticed a dread lich
 80094 | Zot:5    | Noticed an ancient lich
 80096 | Zot:5    | Killed a dread lich
 80107 | Zot:5    | Noticed a Killer Klown
 80120 | Zot:5    | Killed an ancient lich
 80125 | Zot:5    | Killed a Killer Klown
 80683 | Zot:5    | Noticed a dread lich
 80688 | Zot:5    | Killed a dread lich
 80689 | Zot:5    | Reached XP level 26. HP: 139/139 MP: 21/21
 80761 | Zot:5    | Noticed an orb of fire
 80765 | Zot:5    | Gained mutation: You are vulnerable to cold. (rC-) [an orb
                  | of fire]
 80769 | Zot:5    | Killed an orb of fire
 81214 | Zot:5    | Noticed an ancient lich
 81214 | Zot:5    | Noticed an orb of fire
 81219 | Zot:5    | Noticed an orb of fire
 81224 | Zot:5    | Killed an ancient lich
 81229 | Zot:5    | Killed an orb of fire
 81233 | Zot:5    | Killed an orb of fire
 81547 | Zot:5    | Noticed an ancient lich
 81555 | Zot:5    | Killed an ancient lich
 81784 | Zot:5    | Got the Orb of Zot
 82031 | Depths:3 | Noticed Godor the pandemonium lord
 82035 | Depths:3 | Killed Godor the pandemonium lord
 82052 | Depths:3 | Noticed Meinnar the pandemonium lord
 82067 | Depths:3 | Mangled by Meinnar the pandemonium lord
 82415 | D:5      | Noticed Uguynoe the pandemonium lord
 82428 | D:5      | Killed Uguynoe the pandemonium lord
 82782 | D:$      | Escaped with the Orb!

Illustrated notes

Levels and vault maps discovered:
D:1:      nicolae_arrival_washed_ashore, layout_rooms, minmay_pentomino_s2
D:2:      layout_loops_cross, uniq_sigmund
D:3:      layout_rooms, serial_forest, infiniplex_forest_end_1,
          infiniplex_forest_clump_small, infiniplex_forest_fountain,
          infiniplex_forest_clump_tiny
D:4:      cheibrodos_fertilizer, layout_loops_cross, dk_yredelemnul_ordeal,
          ebering_ghost_sewer_f, dreamdust_princess_bridge, serial_park_tiny_1,
          minmay_ruptured, uniq_natasha
D:5:      layout_rooms, grunt_temple_overflow_cloverleaf,
          minmay_temple_entry_drinking_statues, serial_bayou,
          serial_bayou_pond_d, serial_bayou_shore_a, serial_bayou_lake_a,
          serial_bayou_crossing, uniq_pikel, uniq_grinder
D:6:      cheibrodos_thug_alley, layout_loops_corners,
          gammafunk_ghost_abyssal_escape, kb_rosetta
D:7:      layout_layer_cave, serial_undead, serial_undead_f, serial_undead_c,
          serial_undead_d, serial_undead_b, uniq_menkaure
D:8:      layout_cave_pools, mainiacjoe_overflow_two_lobes, vehumet_crystals,
          enter_bailey_6, minmay_alternating_orb
D:9:      layout_stronghold, minmay_lair_entry_grove, david_orc_2
D:10:     cheibrodos_statue_roulette, layout_cave_pools, serial_shops, shop
D:11:     layout_basic
D:12:     layout_basic, uniq_maurice, uniq_sonja
D:13:     due_chaos_kobolds, layout_basic, ximxim_vaults_locker_room,
          portal_ice_cave_entry_ice_simulacra
D:14:     layout_loops_corners, grunt_dithmenos_shadows
D:15:     grunt_enter_depths_magical_seal, layout_loops_ring,
          nicolae_uskayaw_en_pointe, serial_shops,
          nicolae_shop_tiny_statue_garden
Temple:   nicolae_temple_ecumenical_triangle
Lair:1:   layout_cave_pods, infiniplex_staircase_pool_2, serial_bayou_shore_b
Lair:2:   layout_roguey, nicolae_spider_entry_tight_spaces,
          grunt_forest_stairs_clearing
Lair:3:   layout_hall_layers, elwin_shoals_entry_rooms
Lair:4:   layout_cave_pods, slime_entry_1, basic_altar,
          cheibrodos_lair_lostbears, serial_bayou_shore_b
Lair:5:   hellmonk_lair_end_abyssal_woods, layout_hall_layers, ebering_ghost_xom
Shoals:1: layout_shoals
Shoals:2: layout_shoals, uniq_ilsuiw, uniq_polyphemus
Shoals:3: layout_shoals, serial_shops, nicolae_shop_advertising_works
          [nicolae_subvault_shop_adworks]
Shoals:4: shoals_end_hellmonk_lost_city
Spider:1: layout_chambers
Spider:2: layout_spider_delve
Spider:3: layout_spider_delve, nicolae_spider_world_wide_web
Spider:4: johnstein_spider_rune_arachne_lair, uniq_mara, uniq_donald,
          uniq_arachne
Orc:1:    layout_diamond_mine
Orc:2:    pf_orc_diabolical, layout_caves, nicolae_volcano_entry_vermiform,
          gauntlet_entry_generic, gammafunk_ghost_wrathful_warriors,
          roderic_batcave
Elf:1:    layout_gridlike, serial_shops, nicolae_lakefront_shop,
          evilmike_minifort, grunt_ministairs_12, grunt_megastairs_3
Elf:2:    elven_hall_of_blades_hangedman_original [nicolae_blade_bullseye],
          layout_gridlike, nicolae_elf_loose_elemental_storage
Elf:3:    minmay_elf_hall_furrowed, layout_gridlike, serial_shops,
          bzr_entry_customers, pf_eden
Vaults:1: grunt_vaults_focal, nicolae_vaults_windows_and_doors_thing,
          ontoclasm_vaults_idyll, nicolae_vaults_big_angled_halls,
          nicolae_vaults_doubleplus_tesselated, v_misc_19,
          nicolae_vaults_double_plus_1, nicolae_vaults_turnstiles,
          hangedman_vaults_cutoff, ontoclasm_vaults_pinch,
          vaults_room_semicircle, vaults_dpeg_hooks, v_rooms_6,
          layout_vaults_maze_snakey
Vaults:2: v_rooms_5, nicolae_vaults_little_squares_3,
          nicolae_vaults_puzzle_piece, minmay_crypt_entry_simple_plaza,
          nicolae_vaults_theta, v_alt_pattern_1, v_misc_23, grunt_vaults_funnel,
          nicolae_vaults_taking_the_gang_shopping, nicolae_vaults_tetromino_L_1,
          dpeg_vaults_monster_box, nicolae_vaults_ring_of_whatevers,
          vaults_room_semicircle, nicolae_vaults_mitosis,
          nicolae_vaults_double_plus_3, nicolae_vaults_little_squares_3,
          layout_vaults_omnicross
Vaults:3: ontoclasm_vaults_ligature, vaults_dpeg_cross,
          nicolae_vaults_tangram_1, hangedman_vaults_hat,
          nicolae_vaults_closet_pinwheel_1, vaults_dpeg_emergency_exit,
          serial_ice_b, nicolae_vaults_two_Ls, layout_vaults_omnigrid
Vaults:4: nicolae_vaults_three_branches, vaults_mumra_chevron_long,
          vaults_room_door_hall, nicolae_vaults_mini_display_case,
          vaults_room_door_hall, nicolae_vaults_heart-shaped_vault,
          nicolae_vaults_closet_pinwheel_5, layout_vaults_chaotic_city,
          serial_shops, shop
Vaults:5: uniq_frederick
Depths:1: layout_basic, lemuel_blue_sif_altar, hell_entry, st_stairs_6,
          minmay_stone_trees_small, zin_scriptorium, uniq_saint_roka,
          uniq_nikola
Depths:2: nicolae_BIG_FREAKIN_CUBE, layout_basic, rand_demon_pan_entry_1,
          hell_entry, hex_intersection, uniq_bai_suzhen
Depths:3: hangedman_box_tower, layout_small_grid, enter_ziggurat_d,
          grunt_hell_horde, abyss_entry, nicolae_ru_path_of_blood, uniq_vv,
          uniq_josephina
Depths:4: grunt_zot_entry_pinwheel, layout_basic, serial_shops, shop, hell_entry
Zot:1:    layout_gridlike, skrybe_zot_glass_2
Zot:2:    layout_cathedral_of_symmetry, hangedman_zot_spectrum
Zot:3:    dreamdust_black_sun_cult, layout_basic, st_stairs_3,
          hangedman_zot_wheel_spokes
Zot:4:    hellmonk_paralyzer, layout_basic, grunt_ministairs_11,
          nicolae_transporter_intersection
Zot:5:    layout_cellular_growth

Skill      XL: |  1  2  3  4  5  6  7  8  9 10 11 12 13 14 15 16 17 18 19 20 21 22 23 24 25 26 |
---------------+-------------------------------------------------------------------------------+-----
Stealth        | 1 2 3 4 5 7 9 10 13 15 17 18 19 20 | 20.0
Unarmed Combat | 4 5 6 7 9 11 12 14 15 16 17 19 22 25 27 | 27.0
Dodging        | 5 6 7 9 10 11 14 16 18 20 21 22 23 24 26 27 | 27.0
Evocations     | 2 4 5 7 9 10 | 10.0
Fighting       | 4 5 6 7 9 10 11 13 15 20 24 26 | 26.6
Shapeshifting  | 10 12 14 15 16 17 20 | 20.0

Action                     |  1- 3 |  4- 6 |  7- 9 | 10-12 | 13-15 | 16-18 | 19-21 | 22-24 | 25-27 || total
---------------------------+-------+-------+-------+-------+-------+-------+-------+-------+-------++-------
  Melee: Unarmed           |   134 |   192 |   282 |   692 |  1207 |  1536 |   892 |   940 |   446 ||  6321
         Bite              |    14 |    21 |    27 |    80 |   178 |   223 |   127 |   186 |    69 ||   925
         Punch             |     3 |     7 |    11 |    54 |   131 |   193 |   146 |   199 |   112 ||   856
         Tailslap          |       |       |       |       |       |       |       |    79 |   117 ||   196
 Invoke: Berserk           |     1 |     6 |     6 |    21 |    28 |    23 |     6 |       |     1 ||    92
         Trog's Hand       |       |       |       |       |     4 |     1 |     1 |     1 |     2 ||     9
         Brothers in Arms  |       |       |       |       |       |     2 |       |       |       ||     2
  Evoke: Wand              |       |     2 |    24 |     5 |     7 |     9 |       |     2 |     1 ||    50
    Use: Scroll            |       |       |    17 |    12 |     6 |     6 |     6 |     2 |     4 ||    53
         Potion            |       |       |     6 |     1 |       |     5 |     2 |     2 |     5 ||    21
   Stab: Distracted        |     1 |     2 |     2 |     6 |    13 |     7 |    12 |     9 |     3 ||    55
         Sleeping          |     3 |     5 |     8 |    24 |    48 |    67 |    53 |    24 |     9 ||   241
         Invisible         |       |       |       |     6 |     1 |     1 |       |       |       ||     8
 Armour: Skin              |    37 |    57 |    72 |   138 |   213 |   391 |   232 |   260 |   166 ||  1566
  Dodge: Dodged            |   103 |   124 |   211 |   709 |  1289 |  2772 |  1469 |  1283 |   418 ||  8378
  Block: Other             |       |       |    10 |       |       |       |       |       |       ||    10
   Form: Blade             |       |       |       |       |     3 |       |       |       |       ||     3
                           |       |       |       |       |     1 |       |       |       |       ||     1
         Anaconda          |       |       |       |       |     1 |       |       |       |       ||     1
         Statue            |       |       |       |       |       |     1 |       |       |       ||     1
         Dragon            |       |       |       |       |       |       |       |     1 |       ||     1

Table legend: (Time is in decaauts)
 A = Elapsed time spent in this place.
 B = Non-inter-level travel time spent in this place.
 C = Inter-level travel time spent in this place.
 D = Time resting spent in this place.
 E = Time spent auto-exploring this place.
 F = Levels seen in this place.
 G = Mean time per level.
                   A        B        C        D        E       F      G
               +--------+--------+--------+--------+--------+-----+--------+
         Total |  87992 |  82904 |   5088 |  24473 |  37295 |  51 | 1725.3 |
       Dungeon |  23810 |  21711 |   2099 |   4996 |  10364 |  15 | 1587.3 |
        Temple |      1 |      1 |      0 |      0 |      0 |   1 |    1.0 |
          Lair |   8616 |   7785 |    831 |   1867 |   3770 |   5 | 1723.2 |
        Shoals |   5274 |   5009 |    265 |    814 |   2304 |   4 | 1318.5 |
   Spider Nest |   7838 |   7633 |    205 |   2674 |   3402 |   4 | 1959.5 |
  Orcish Mines |   2416 |   2313 |    103 |    660 |    859 |   2 | 1208.0 |
   Elven Halls |   7089 |   6653 |    436 |   1631 |   2943 |   3 | 2363.0 |
        Vaults |  11719 |  11217 |    502 |   3629 |   5665 |   5 | 2343.8 |
        Depths |   7690 |   7258 |    432 |   2011 |   3999 |   4 | 1922.5 |
           Zot |  12031 |  11818 |    213 |   5885 |   3778 |   5 | 2406.2 |
        Bazaar |     53 |     53 |      0 |      0 |     28 |   1 |   53.0 |
        Bailey |    851 |    851 |      0 |    170 |      0 |   1 |  851.0 |
      Ice Cave |    599 |    599 |      0 |    131 |    178 |   1 |  599.0 |
               +--------+--------+--------+--------+--------+-----+--------+

Top non-repeatable levels by time:
Depths:3: 3466 daAuts
Spider:4: 3267 daAuts
   Zot:2: 2958 daAuts
   Elf:3: 2845 daAuts
   Zot:5: 2829 daAuts
Vaults:3: 2723 daAuts
Vaults:4: 2598 daAuts
     D:9: 2560 daAuts
   Zot:3: 2537 daAuts
     D:6: 2420 daAuts
  Lair:5: 2403 daAuts
Spider:3: 2327 daAuts
     D:5: 2262 daAuts
Vaults:5: 2224 daAuts
     D:4: 2217 daAuts
